 Dungeon Crawl Stone Soup version 0.31.0-9-g3a7656b989 (webtiles) character file.

Game seed: 8687943747798481414

11400 qw the Skirmisher (level 11, -12/55 HPs)
             Began as a Spriggan Hunter on Feb 3, 2024.
             Was an Elder of Okawaru.
             Mangled by a two-headed ogre
             ... wielding a +0 giant spiked club
              (18 damage)
             ... on level 11 of the Dungeon.
             The game lasted 00:04:14 (9061 turns).

qw the Skirmisher (Spriggan Hunter)                 Turns: 9061, Time: 00:04:15

Health: -12/55     AC: 17    Str:  9    XL:     11   Next: 48%
Magic:  15/17      EV: 23    Int: 12    God:    Okawaru [****..]
Gold:   146        SH:  0    Dex: 22    Spells: 10/10 levels left

rFire   . . .        s - +0 arbalest
rCold   + . .        (shield currently unavailable)
rNeg    . . .        g - +3 swamp dragon scales
rPois   +            l - +2 hat
rElec   .            c - +0 cloak {Stlth+}
rCorr   .            (gloves unavailable)
SInv    +            (boots unavailable)
Will    +....        f - amulet of regeneration
Stlth   +++          d - ring of Faicaepoy {AC+4 Str+2}
HPRegen 1.09/turn    a - ring of protection from cold
MPRegen 0.15/turn

%: no passive effects
@: finesse-ful, very quick
A: very small, no large weapons, unfitting armour, see invisible, speed 3
a: Renounce Religion, Heroism, Finesse


You were on level 11 of the Dungeon.
You worshipped Okawaru.
Okawaru was greatly pleased with you.
You visited 2 branches of the dungeon, and saw 12 of its levels.
You also visited: Sewer.

You collected 541 gold pieces.
You spent 395 gold pieces at shops.


Innate Abilities, Weirdness & Mutations

You are very small and have problems with some larger weapons.
You are too small for most types of armour.
You have supernaturally acute eyesight. (SInv)
You cover ground extremely quickly. (Speed+++)


   Skills:
 - Level 5.1 Fighting
 + Level 13.9 Ranged Weapons
 - Level 2.0 Armour
 - Level 11.0 Dodging
 - Level 1.5 Stealth
 + Level 6.9 Invocations


You had 10 spell levels left.
You didn't know any spells.
Your spell library was empty.

Inventory:

Hand Weapons
 s - a +0 arbalest (weapon)
Armour
 c - a +0 cloak of stealth (worn)
 g - +3 swamp dragon scales (worn)
 l - a +2 hat (worn)
Jewellery
 a - a ring of protection from cold (right hand)
 d - the ring of Faicaepoy (left hand) {AC+4 Str+2}
   (You found it on level 5 of the Dungeon)

   [ring of protection]

   AC+4:      It affects your AC (+4).
   Str+2:     It affects your strength (+2).
 f - an amulet of regeneration (around neck)
 n - a +6 ring of strength
 Y - a ring of willpower
Wands
 b - a wand of polymorph (5)
 j - a wand of mindburst (10)
 m - a wand of paralysis (19)
 o - a wand of acid (5)
 q - a wand of roots (6)
Scrolls
 p - 2 scrolls of identify
Potions
 e - 7 potions of curing
 h - 2 potions of resistance
 i - 4 potions of mutation
 k - 3 potions of enlightenment
 r - a potion of haste

Dungeon Overview and Level Annotations

Branches:
Dungeon (11/15)            Temple (1/1) D:6            Lair (0/5) D:11
    Orc (0/2) D:10          Sewer (visited)

Altars:
Ashenzari
Cheibriados
Dithmenos
Elyvilon
Fedhas
Gozag
Hepliaklqana
Kikubaaqudgha
Makhleb
Nemelex Xobeh
Okawaru
Qazlal
Ru
Sif Muna
Trog
Uskayaw
Vehumet
Wu Jian
Xom
Yredelemnul
Zin
The Shining One

Shops:
D:2 !   D:4 !   D:8 *   D:10 ?

Portals:
Bailey: D:8

Annotations:
D:6 4 runed translucent doors, Crazy Yiuf; qw's ghost, novice DEHu
D:7 3 runed translucent doors, qw's ghost, novice DEHu; qw's ghost, novice DjHu; qw's ghost, novice GrHu
D:9 exclusion: ice statue


Message History

The orc priest completely misses you.
You shoot a bolt. The bolt hits the orc priest!
The orc priest is heavily wounded.
You shoot a bolt. The bolt hits the orc priest.
The orc priest is almost dead.
The orc completely misses you.
The orc priest mumbles some strange prayers to Beogh against you.
You easily resist.
You shoot a bolt. The bolt barely misses the orc priest.
The orc barely misses you. The orc priest completely misses you.
You shoot a bolt. The bolt closely misses the orc priest.
The orc barely misses you.
The orc priest mumbles some strange prayers to Beogh against you.
Pain shoots through your body!
You shoot a bolt. The bolt hits the orc priest!
You kill the orc priest!
Okawaru accepts your kill.
You shoot a bolt. The bolt hits the orc!!
You kill the orc!
Okawaru accepts your kill.
You shoot a bolt. The bolt hits the two-headed ogre!
The two-headed ogre is moderately wounded.
The two-headed ogre completely misses you.
The two-headed ogre misses you.
You shoot a bolt. The bolt hits the two-headed ogre!
The two-headed ogre is heavily wounded.
You shoot a bolt. The bolt hits the two-headed ogre!!
The two-headed ogre is almost dead.
You shoot a bolt. The bolt hits the two-headed ogre.
The two-headed ogre is almost dead.
The two-headed ogre closely misses you.
The two-headed ogre hits you with a +0 giant club.
You shoot a bolt. The bolt hits the two-headed ogre.
The two-headed ogre is almost dead.
You shoot a bolt.
The bolt hits the two-headed ogre but does no damage.
The two-headed ogre is almost dead.
The two-headed ogre closely misses you.
The two-headed ogre hits you with a +0 giant club!!
You die...

#. ## ... ..
.##...
#.####>7..7.
##.
.......P. ..
......... #.
#........
#.##.....7
#.@<%%..7...
#O##...PP.P>
#..........P
##.#.P....P.
#.##..P...Y
. .P..... #.
.P..7P. #
.#.....
.###..


You could see a two-headed ogre.

Vanquished Creatures
  Pikel (D:6)
  Maurice (D:7)
  Maggie (D:6)
  Jeremiah (D:7)
  A komodo dragon (D:10)
  A hornet (D:9)
  A tyrant leech (D:11)
  Sigmund (D:5)
  A shadow (D:10)
  4 wyverns
  3 vampires
  18 yaks
  A vampire mosquito (D:11)
  An acid dragon (D:10)
  6 water moccasins
  A swamp drake (D:10)
  10 orc warriors
  A sky beast (D:6)
  A black bear (D:7)
  An ogre (D:7)
  A lemure (D:6)
  A centaur (D:6)
  2 phantoms
  A kobold brigand (D:9)
  2 gnoll sergeants
  A brain worm (Sewer)
  A bullfrog (D:9)
  2 scorpions
  8 wights
  10 killer bees (D:9)
  13 howler monkeys
  A crimson imp (D:9)
  4 jellies
  5 hounds
  A bombardier beetle (D:5)
  A gnoll bouda (D:8)
  6 orc priests
  2 sleepcaps
  3 iguanas
  7 orc wizards
  6 adders
  18 gnolls
  2 river rats (Sewer)
  2 white imps (D:7)
  3 ribbon worms
  5 dart slugs
  47 orcs
  5 endoplasms
  5 giant cockroaches
  4 goblins
  8 hobgoblins
  3 jackals (Sewer)
  5 kobolds
  6 quokkas
  11 ball pythons
  8 bats
  3 frilled lizards
  3 rats
272 creatures vanquished.

Vanquished Creatures (collateral kills)
  An orc (D:10)
1 creature vanquished.

Vanquished Creatures (others)
  An orc (D:10)
1 creature vanquished.

Grand Total: 274 creatures vanquished

Notes
Turn   | Place    | Note
-------+----------+-------------------------------------------
     0 | D:1      | qw the Spriggan Hunter began the quest for the Orb.
     0 | D:1      | Reached XP level 1. HP: 10/10 MP: 2/2
     0 | D:1      | 0 ||| qw: Version: 0.3-a-155-g5e7d8dd
     0 | D:1      | 0 ||| qw: Game counter: 2922
     0 | D:1      | 0 ||| qw: Melee chars always use a shield: true
     0 | D:1      | 0 ||| qw: God list: Okawaru
     0 | D:1      | 0 ||| qw: Allow faded altars: false
     0 | D:1      | 0 ||| qw: Do Orc after clearing Dungeon:15 true
     0 | D:1      | 0 ||| qw: Do second Lair branch before Depths: true
     0 | D:1      | 0 ||| qw: Lair rune preference: random
     0 | D:1      | 0 ||| qw: Goals: Normal
     0 | D:1      | 0 ||| PLANNING D:1-11
    72 | D:1      | Reached skill level 3 in Dodging
   205 | D:1      | Reached XP level 2. HP: 14/14 MP: 3/3
   819 | D:1      | 819 ||| READING scroll labelled GIELUOCSEI.
   844 | D:1      | 844 ||| READING scroll labelled DIDIPN NEOMUPU.
   844 | D:1      | 844 ||| IDENTIFYING purple potion
   845 | D:1      | 845 ||| READING scroll labelled XOLEUF SAQAGROE.
   846 | D:1      | 846 ||| READING 2 scrolls labelled VODGHE ISTENAW.
   847 | D:1      | 847 ||| DROPPING scroll of butterflies.
   848 | D:1      | 848 ||| DROPPING potion of brilliance.
   849 | D:1      | 849 ||| DROPPING scroll of amnesia.
  1044 | D:2      | Found Haffib's Distillery.
  1052 | D:2      | Reached XP level 3. HP: 18/18 MP: 4/4
  1066 | D:2      | 1066 ||| FLEEEEING.
  1067 | D:2      | 1067 ||| FLEEEEING.
  1068 | D:2      | 1068 ||| FLEEEEING.
  1069 | D:2      | 1069 ||| FLEEEEING.
  1071 | D:2      | 1071 ||| FLEEEEING.
  1072 | D:2      | 1072 ||| FLEEEEING.
  1073 | D:2      | 1073 ||| FLEEEEING.
  1077 | D:2      | 1077 ||| FLEEEEING.
  1078 | D:2      | 1078 ||| FLEEEEING.
  1079 | D:2      | 1079 ||| FLEEEEING.
  1080 | D:2      | 1080 ||| FLEEEEING.
  1081 | D:2      | 1081 ||| FLEEEEING.
  1082 | D:2      | 1082 ||| FLEEEEING.
  1083 | D:2      | 1083 ||| FLEEEEING.
  1085 | D:2      | 1085 ||| FLEEEEING.
  1095 | D:2      | 1095 ||| STAIRDANCE
  1101 | D:1      | 1101 ||| READING scroll labelled VEUDGH WUICEEG.
  1101 | D:1      | 1101 ||| ENCHANTING +0 shortbow.
  1145 | D:2      | 1145 ||| SHOPLISTING potion of curing (36 gold, have 31).
  1145 | D:2      | 1145 ||| SHOPLISTING potion of heal wounds (60 gold, have
                  | 31).
  1145 | D:2      | 1145 ||| SHOPLISTING potion of resistance (120 gold, have
                  | 31).
  1254 | D:2      | Reached skill level 5 in Ranged Weapons
  1254 | D:2      | Reached XP level 4. HP: 22/22 MP: 5/5
  1387 | D:2      | HP: 5/22 [ribbon worm (4)]
  1486 | D:2      | 1486 ||| DROPPING scarf of invisibility.
  1487 | D:2      | 1487 ||| READING 4 scrolls of identify.
  1487 | D:2      | 1487 ||| IDENTIFYING fuming golden potion
  1488 | D:2      | 1488 ||| READING 3 scrolls of identify.
  1488 | D:2      | 1488 ||| IDENTIFYING fizzy red potion
  1489 | D:2      | 1489 ||| READING 2 scrolls of identify.
  1489 | D:2      | 1489 ||| IDENTIFYING 2 silvery potions
  1490 | D:2      | 1490 ||| READING scroll of identify.
  1490 | D:2      | 1490 ||| IDENTIFYING scroll labelled BAEGE LUER
  1491 | D:2      | 1491 ||| DROPPING scroll of silence.
  2320 | D:3      | 2320 ||| READING scroll labelled YTHACRUOLLU.
  2361 | D:4      | 2361 ||| STAIRDANCE
  2386 | D:4      | 2386 ||| STAIRDANCE
  2389 | D:4      | 2389 ||| STAIRDANCE
  2451 | D:4      | 2451 ||| STAIRDANCE
  2491 | D:4      | 2491 ||| STAIRDANCE
  2522 | D:4      | 2522 ||| STAIRDANCE
  2559 | D:4      | Reached XP level 5. HP: 26/26 MP: 6/6
  2560 | D:4      | 2560 ||| STAIRDANCE
  2605 | D:4      | 2605 ||| STAIRDANCE
  2654 | D:4      | 2654 ||| STAIRDANCE
  2889 | D:4      | 2889 ||| FLEEEEING.
  2890 | D:4      | 2890 ||| FLEEEEING.
  2891 | D:4      | 2891 ||| FLEEEEING.
  2892 | D:4      | 2892 ||| FLEEEEING.
  2922 | D:4      | Found Fiallalai's Distillery.
  2952 | D:4      | 2952 ||| BUYING potion of cancellation (80 gold).
  2952 | D:4      | Bought a potion of cancellation for 80 gold pieces
  2952 | D:4      | 2952 ||| BUYING potion of heal wounds (50 gold).
  2952 | D:4      | Bought a potion of heal wounds for 50 gold pieces
  2952 | D:4      | 2952 ||| SHOPLISTING potion of heal wounds (50 gold, have
                  | 0).
  2952 | D:4      | 2952 ||| SHOPLISTING potion of might (40 gold, have 0).
  2981 | D:4      | Reached skill level 6 in Ranged Weapons
  3022 | D:4      | 3022 ||| READING scroll of enchant weapon.
  3022 | D:4      | 3022 ||| ENCHANTING +1 shortbow.
  3181 | D:4      | 3181 ||| READING scroll of enchant weapon.
  3181 | D:4      | 3181 ||| ENCHANTING +2 shortbow.
  3329 | D:4      | 3329 ||| READING scroll labelled HUKISMIPNEH.
  3329 | D:4      | 3329 ||| BRANDING +3 shortbow.
  3330 | D:4      | 3330 ||| READING scroll labelled WEORPH JOLOC.
  3334 | D:4      | 3334 ||| READING scroll labelled KETWED VELUTZ.
  3335 | D:4      | 3335 ||| DRINKING 3 viscous emerald potions.
  3336 | D:4      | 3336 ||| DRINKING 2 potions of curing.
  3336 | D:4      | 3336 ||| (to cure confusion)
  3337 | D:4      | 3337 ||| DROPPING 2 potions of ambrosia.
  3359 | D:5      | Entered Level 5 of the Dungeon
  3360 | D:5      | 3360 ||| PLANNING SEWER
  3365 | D:5      | Reached XP level 6. HP: 30/30 MP: 7/7
  3373 | D:5      | HP: 7/30 [orc/+0 mace (3)]
  3374 | D:5      | 3374 ||| DRINKING 2 potions of heal wounds.
  3376 | D:5      | Reached skill level 6 in Dodging
  3378 | D:5      | 3378 ||| FLEEEEING.
  3380 | D:5      | 3380 ||| FLEEEEING.
  3381 | D:5      | 3381 ||| STAIRDANCE
  3417 | D:5      | Identified the +4 hand axe of the Growing Fulmar {flame,
                  | rF+ Int+4}
  3455 | D:5      | Identified the ring of Faicaepoy {AC+4 Str+2}
  3573 | D:5      | 3573 ||| FLEEEEING.
  3574 | D:5      | 3574 ||| FLEEEEING.
  3575 | D:5      | 3575 ||| FLEEEEING.
  3576 | D:5      | 3576 ||| FLEEEEING.
  3577 | D:5      | 3577 ||| FLEEEEING.
  3578 | D:5      | 3578 ||| FLEEEEING.
  3579 | D:5      | 3579 ||| FLEEEEING.
  3580 | D:5      | 3580 ||| FLEEEEING.
  3581 | D:5      | 3581 ||| FLEEEEING.
  3582 | D:5      | 3582 ||| FLEEEEING.
  3583 | D:5      | 3583 ||| FLEEEEING.
  3584 | D:5      | 3584 ||| FLEEEEING.
  3585 | D:5      | 3585 ||| FLEEEEING.
  3586 | D:5      | 3586 ||| FLEEEEING.
  3801 | D:5      | Reached skill level 7 in Ranged Weapons
  3811 | D:5      | Reached XP level 7. HP: 35/35 MP: 8/8
  3826 | D:5      | Noticed Sigmund
  3827 | D:5      | 3827 ||| RETREEEEATING.
  3829 | D:5      | 3829 ||| RETREEEEATING.
  3831 | D:5      | 3831 ||| RETREEEEATING.
  3833 | D:5      | 3833 ||| RETREEEEATING.
  3835 | D:5      | 3835 ||| RETREEEEATING.
  3837 | D:5      | 3837 ||| RETREEEEATING.
  3839 | D:5      | 3839 ||| ZAPPING wand of acid (3) at 1,3 (Sigmund; floor).
  3840 | D:5      | 3840 ||| ZAPPING wand of acid (2) at 0,2 (Sigmund; floor).
  3841 | D:5      | 3841 ||| ZAPPING wand of acid (1) at 0,2 (Sigmund; floor).
  3843 | D:5      | 3843 ||| DRINKING potion of cancellation.
  3844 | D:5      | Killed Sigmund
  3895 | D:5      | Found a glowing drain.
  3896 | D:5      | 3896 ||| DROPPING scarf of invisibility.
  3897 | D:5      | 3897 ||| UPGRADING to ring of Faicaepoy {AC+4 Str+2}.
  3898 | D:5      | 3898 ||| DROPPING ring of magical power.
  3899 | D:5      | 3899 ||| READING 2 scrolls of identify.
  3899 | D:5      | 3899 ||| IDENTIFYING bubbling inky potion
  3900 | D:5      | 3900 ||| READING scroll of identify.
  3900 | D:5      | 3900 ||| IDENTIFYING scroll labelled ACSONUNLAH
  3901 | D:5      | 3901 ||| READING 2 scrolls labelled BODIUT DAUPO.
  3902 | D:5      | 3902 ||| DROPPING scroll of fog.
  3910 | Sewer    | Entered a sewer
  4394 | Sewer    | 4394 ||| READING scroll of identify.
  4394 | Sewer    | 4394 ||| IDENTIFYING scroll labelled JELABYGEUDGH
  4395 | Sewer    | 4395 ||| DROPPING scroll of vulnerability.
  4418 | D:5      | 4418 ||| PLANNING D:1-11
  4607 | D:6      | Found a runed translucent gate.
  4607 | D:6      | Found a runed translucent gate.
  4608 | D:6      | Found a runed translucent gate.
  4611 | D:6      | Noticed qw's ghost (novice DEHu)
  4613 | D:6      | Noticed Maggie
  4614 | D:6      | Noticed a kobold demonologist
  4620 | D:6      | 4620 ||| DRINKING potion of haste.
  4634 | D:6      | Killed Maggie
  4635 | D:6      | Reached skill level 8 in Ranged Weapons
  4635 | D:6      | Reached XP level 8. HP: 26/39 MP: 9/9
  4644 | D:6      | 4644 ||| FLEEEEING.
  4731 | D:6      | Found a staircase to the Ecumenical Temple.
  4732 | D:6      | 4732 ||| PLANNING TEMPLE
  4732 | D:6      | 4732 ||| UPGRADING to +0 swamp dragon scales.
  4742 | D:6      | 4742 ||| DROPPING +0 robe.
  4743 | D:6      | 4743 ||| READING 2 scrolls of enchant armour.
  4743 | D:6      | 4743 ||| ENCHANTING +0 swamp dragon scales.
  4744 | D:6      | 4744 ||| READING scroll of enchant armour.
  4744 | D:6      | 4744 ||| ENCHANTING +1 swamp dragon scales.
  4745 | D:6      | 4745 ||| UPGRADING to ring of willpower.
  4757 | Temple   | Entered the Ecumenical Temple
  4758 | Temple   | 4758 ||| PLANNING OKAWARU WORSHIP
  4773 | Temple   | Became a worshipper of Warmaster Okawaru
  4774 | Temple   | 4774 ||| PLANNING D:1-11
  4868 | D:6      | Reached skill level 1 in Armour
  4871 | D:6      | Found a radiant altar of Vehumet.
  4919 | D:6      | Reached skill level 3 in Fighting
  4935 | D:6      | Noticed Pikel
  4943 | D:6      | Killed Pikel
  4943 | D:6      | Reached * piety under Okawaru
  4944 | D:6      | Reached skill level 10 in Ranged Weapons
  4960 | D:6      | Reached skill level 1 in Invocations
  4983 | D:6      | Reached XP level 9. HP: 44/44 MP: 10/10
  5257 | D:6      | 5257 ||| SWAPPING to +0 orcbow.
  5260 | D:6      | 5260 ||| DROPPING +3 heavy shortbow.
  5376 | D:6      | Found a runed translucent door.
  5377 | D:6      | Noticed Crazy Yiuf
  5380 | D:6      | 5380 ||| UPGRADING to ring of protection from cold.
  5382 | D:6      | 5382 ||| READING scroll labelled ISOUQOEMU VEAP.
  5435 | D:7      | 5435 ||| STAIRDANCE
  5454 | D:7      | 5454 ||| STAIRDANCE
  5458 | D:6      | Reached skill level 3 in Invocations
  5467 | D:6      | Reached skill level 9 in Dodging
  5480 | D:7      | 5480 ||| STAIRDANCE
  5489 | D:6      | Reached ** piety under Okawaru
  5500 | D:7      | 5500 ||| STAIRDANCE
  5517 | D:7      | 5517 ||| STAIRDANCE
  5534 | D:7      | 5534 ||| STAIRDANCE
  5549 | D:7      | 5549 ||| STAIRDANCE
  5601 | D:7      | Noticed Maurice
  5602 | D:7      | 5602 ||| INVOKING Heroism.
  5611 | D:7      | Paralysed by Maurice for 4 turns
  5624 | D:7      | 5624 ||| INVOKING Heroism.
  5626 | D:7      | Killed Maurice
  5720 | D:7      | Reached skill level 11 in Ranged Weapons
  5932 | D:7      | Found a runed translucent gate.
  5933 | D:7      | Found a runed translucent gate.
  5939 | D:7      | Found a runed translucent gate.
  5940 | D:7      | Noticed qw's ghost (novice DjHu)
  5941 | D:7      | Noticed qw's ghost (novice DEHu)
  5941 | D:7      | Noticed qw's ghost (novice DEHu)
  5942 | D:7      | Noticed qw's ghost (novice GrHu)
  5989 | D:7      | Found a bloodstained altar of Trog.
  5992 | D:7      | Noticed Jeremiah
  5993 | D:7      | 5993 ||| INVOKING Heroism.
  6022 | D:7      | 6022 ||| INVOKING Heroism.
  6033 | D:7      | Killed Jeremiah
  6103 | D:7      | Found a shimmering blue altar of Sif Muna.
  6147 | D:7      | 6147 ||| READING scroll of enchant weapon.
  6147 | D:7      | 6147 ||| ENCHANTING +0 orcbow.
  6416 | D:7      | 6416 ||| UPGRADING to +0 cloak of stealth.
  6435 | D:8      | Found Ygunav's Elemental Accessories.
  6439 | D:8      | 6439 ||| STAIRDANCE
  6444 | D:7      | Reached XP level 10. HP: 46/48 MP: 14/14
  6485 | D:8      | 6485 ||| RETREEEEATING.
  6486 | D:8      | 6486 ||| RETREEEEATING.
  6487 | D:8      | 6487 ||| RETREEEEATING.
  6488 | D:8      | 6488 ||| RETREEEEATING.
  6489 | D:8      | 6489 ||| RETREEEEATING.
  6512 | D:8      | HP: 10/46 [orc wizard/+0 hand axe (5)]
  6513 | D:8      | 6513 ||| READING 2 scrolls of teleportation.
  6514 | D:8      | 6514 ||| DRINKING potion of heal wounds.
  6520 | D:8      | Reached *** piety under Okawaru
  6604 | D:8      | 6604 ||| READING scroll of identify.
  6604 | D:8      | 6604 ||| IDENTIFYING sapphire potion
  6812 | D:8      | Found a white marble altar of Elyvilon.
  6898 | D:8      | Found a flagged portal.
  7101 | D:8      | Reached skill level 12 in Ranged Weapons
  7139 | D:8      | 7139 ||| UPGRADING to amulet of regeneration.
  7144 | D:8      | 7144 ||| DROPPING potion of berserk rage.
  7171 | D:9      | 7171 ||| RETREEEEATING.
  7172 | D:9      | 7172 ||| RETREEEEATING.
  7173 | D:9      | 7173 ||| RETREEEEATING.
  7174 | D:9      | 7174 ||| RETREEEEATING.
  7175 | D:9      | 7175 ||| RETREEEEATING.
  7176 | D:9      | 7176 ||| RETREEEEATING.
  7177 | D:9      | 7177 ||| RETREEEEATING.
  7178 | D:9      | 7178 ||| RETREEEEATING.
  7179 | D:9      | 7179 ||| RETREEEEATING.
  7183 | D:9      | 7183 ||| INVOKING Heroism.
  7191 | D:9      | Found a shimmering altar of Xom.
  7193 | D:9      | 7193 ||| RETREEEEATING.
  7193 | D:9      | Found a burning altar of Makhleb.
  7264 | D:9      | 7264 ||| FLEEEEING.
  7377 | D:9      | 7377 ||| RETREEEEATING.
  7387 | D:9      | HP: 10/51 [orc warrior/+0 war axe (6)]
  7388 | D:9      | 7388 ||| READING scroll of teleportation.
  7389 | D:9      | 7389 ||| DRINKING potion of heal wounds.
  7395 | D:9      | 7395 ||| RETREEEEATING.
  7396 | D:9      | 7396 ||| RETREEEEATING.
  7397 | D:9      | 7397 ||| RETREEEEATING.
  7398 | D:9      | 7398 ||| RETREEEEATING.
  7399 | D:9      | 7399 ||| RETREEEEATING.
  7400 | D:9      | 7400 ||| RETREEEEATING.
  7401 | D:9      | 7401 ||| RETREEEEATING.
  7402 | D:9      | 7402 ||| RETREEEEATING.
  7403 | D:9      | 7403 ||| RETREEEEATING.
  7404 | D:9      | 7404 ||| RETREEEEATING.
  7441 | D:9      | Reached **** piety under Okawaru
  7549 | D:9      | 7549 ||| DRINKING 4 potions of curing.
  7549 | D:9      | 7549 ||| (to cure confusion)
  7567 | D:9      | Noticed an ice statue
  7568 | D:9      | 7568 ||| INVOKING Finesse.
  7620 | D:9      | 7620 ||| RETREEEEATING.
  7635 | D:9      | 7635 ||| INVOKING Finesse.
  7914 | D:9      | Found Zin's Purification Station.
  7914 | D:9      | Found a glowing silver altar of Zin.
  7919 | D:9      | 7919 ||| BUYING potion of curing (90 gold).
  7919 | D:9      | Bought a potion of curing for 90 gold pieces
  7977 | D:9      | 7977 ||| READING scroll of enchant weapon.
  7977 | D:9      | 7977 ||| ENCHANTING +1 orcbow.
  7988 | D:9      | 7988 ||| READING scroll of identify.
  7988 | D:9      | 7988 ||| IDENTIFYING sedimented emerald potion
  7989 | D:9      | 7989 ||| DROPPING potion of attraction.
  7998 | D:10     | Entered Level 10 of the Dungeon
  8000 | D:10     | 8000 ||| STAIRDANCE
  8018 | D:10     | 8018 ||| STAIRDANCE
  8059 | D:10     | Found Xaew's Magic Scroll Boutique.
  8068 | D:10     | 8068 ||| BUYING scroll of brand weapon (123 gold).
  8068 | D:10     | Bought a scroll of brand weapon for 123 gold pieces
  8068 | D:10     | 8068 ||| BUYING scroll of identify (26 gold).
  8068 | D:10     | Bought a scroll of identify for 26 gold pieces
  8068 | D:10     | 8068 ||| BUYING scroll of identify (26 gold).
  8068 | D:10     | Bought a scroll of identify for 26 gold pieces
  8068 | D:10     | 8068 ||| READING scroll of brand weapon.
  8068 | D:10     | 8068 ||| BRANDING +2 orcbow.
  8072 | D:10     | 8072 ||| READING scroll of enchant armour.
  8072 | D:10     | 8072 ||| ENCHANTING +2 swamp dragon scales.
  8159 | D:10     | 8159 ||| INVOKING Heroism.
  8162 | D:10     | Reached skill level 13 in Ranged Weapons
  8266 | D:10     | 8266 ||| RETREEEEATING.
  8289 | D:10     | 8289 ||| INVOKING Finesse.
  8295 | D:10     | Reached XP level 11. HP: 48/55 MP: 9/15
  8342 | D:10     | Found a staircase to the Orcish Mines.
  8385 | D:10     | 8385 ||| RETREEEEATING.
  8441 | D:10     | HP: 10/55 [vampire (13)]
  8442 | D:10     | 8442 ||| INVOKING Finesse.
  8442 | D:10     | HP: 2/55 [vampire/vampiric draining (9)]
  8504 | D:10     | Found a hazy altar of Hepliaklqana.
  8505 | D:10     | Found a blossoming altar of Fedhas.
  8742 | D:10     | 8742 ||| RETREEEEATING.
  8744 | D:10     | 8744 ||| RETREEEEATING.
  8746 | D:10     | 8746 ||| RETREEEEATING.
  8748 | D:10     | 8748 ||| RETREEEEATING.
  8750 | D:10     | 8750 ||| RETREEEEATING.
  8752 | D:10     | 8752 ||| RETREEEEATING.
  8799 | D:10     | 8799 ||| READING 3 scrolls of identify.
  8799 | D:10     | 8799 ||| IDENTIFYING grey potion
  8800 | D:10     | 8800 ||| DROPPING potion of invisibility.
  8846 | D:11     | Noticed a yaktaur captain
  8848 | D:11     | 8848 ||| INVOKING Finesse.
  8858 | D:11     | Reached skill level 6 in Invocations
  8861 | D:11     | a yaktaur captain changed into a tyrant leech
  8864 | D:11     | HP: 6/55 [tyrant leech (20)]
  8940 | D:11     | 8940 ||| SWAPPING to +0 arbalest.
  8941 | D:11     | 8941 ||| DROPPING +2 orcbow of chaos.
  8976 | D:11     | 8976 ||| UPGRADING to +2 hat.
  8996 | D:11     | Found a staircase to the Lair.
  9012 | D:11     | 9012 ||| RETREEEEATING.
  9013 | D:11     | 9013 ||| RETREEEEATING.
  9018 | D:11     | 9018 ||| INVOKING Finesse.
  9044 | D:11     | Noticed a two-headed ogre
  9048 | D:11     | HP: 13/55 [wyvern (9)]
  9053 | D:11     | HP: 6/55 [orc priest/nerve-wracking pain (11)]
  9059 | D:11     | HP: 5/55 [two-headed ogre/+0 giant spiked club (5)]
  9061 | D:11     | Mangled by a two-headed ogre

Levels and vault maps discovered:
D:1:      saegor_arrival_fortress, layout_loops_ring, minmay_cupped
D:2:      layout_rooms, serial_shops, shop
D:3:      layout_loops_ring, kennysheep_donut, wad_orctagon
D:4:      layout_loops_ring, serial_shops, nicolae_shop_gibbet_a_chance
D:5:      layout_basic, portal_sewer_entry_f, uniq_sigmund
D:6:      layout_rooms, nicolae_vehumet_radiance, temple_fountains,
          gammafunk_ghost_nasty_kobolds, uniq_crazy_yiuf_cottage, uniq_maggie,
          uniq_pikel
D:7:      layout_gridville, hellmonk_overflow_destroyed_library,
          gammafunk_ghost_cemetery, uniq_jeremiah, uniq_maurice
D:8:      layout_rooms, nicolae_elyvilon_peaceful_grove, enter_bailey_2,
          nicolae_elemental_shop
D:9:      layout_loops_ring, grunt_temple_overflow_champion_of_chaos,
          zin_purify, minivault_16, minmay_diced_spiral
D:10:     layout_loops_cross, chequers_temple_overflow_statue_of_worship,
          david_orc_5, serial_shops, shop, kennysheep_small_square
D:11:     cheibrodos_statue_roulette, layout_loops_cross,
          minmay_lair_entry_grove, kennysheep_path_1, kennysheep_island_fort,
          uniq_sonja
Temple:   dshaligram_water_room_temple

Skill      XL: |  1  2  3  4  5  6  7  8  9 10 11 |
---------------+----------------------------------+-----
Dodging        | 3 4 5 6 7 8 9 10 11 | 11.0
Ranged Weapons | 5 6 7 8 10 11 13 | 13.9
Fighting       | 2 3 4 5 |  5.1
Armour         | 1 2 |  2.0
Invocations    | 1 4 5 6 |  6.9
Stealth        | |  1.5

Action                     |  1- 3 |  4- 6 |  7- 9 | 10-12 || total
---------------------------+-------+-------+-------+-------++-------
   Fire: Shortbow          |    88 |   159 |   145 |       ||   392
         Orcbow            |       |       |   139 |   514 ||   653
         Arbalest          |       |       |       |    56 ||    56
 Invoke: Heroism           |       |       |     4 |     2 ||     6
         Finesse           |       |       |       |     6 ||     6
  Evoke: Wand              |       |       |     3 |       ||     3
    Use: Scroll            |     5 |    10 |     8 |     8 ||    31
         Potion            |       |     3 |     2 |     3 ||     8
 Armour: Robe              |     8 |    36 |    11 |       ||    55
         Swamp dragon scal |       |       |    58 |   156 ||   214
  Dodge: Dodged            |    25 |   114 |   222 |   501 ||   862

Table legend:
 A = Non-vault XP
 B = Vault XP
 C = Vault XP percentage of total XP
 D = Non-vault monster count
 E = Vault monster count
 F = Vault count percentage of total count
                 A         B        C        D         E       F
            +---------+---------+-------+---------+---------+-------
      Total |    9445 |    6841 |  42.0 |     192 |      81 |  29.7
            +---------+---------+-------+---------+---------+-------
        D:1 |      20 |       4 |  16.7 |       9 |       1 |  10.0
        D:2 |     114 |       0 |   0.0 |      24 |       0 |   0.0
        D:3 |      26 |      12 |  31.6 |       7 |       4 |  36.4
        D:4 |     173 |       0 |   0.0 |      19 |       0 |   0.0
        D:5 |     501 |     222 |  30.7 |      20 |       5 |  20.0
        D:6 |    1784 |    1026 |  36.5 |      36 |       2 |   5.3
        D:7 |     613 |     908 |  59.7 |      11 |       2 |  15.4
        D:8 |     775 |       0 |   0.0 |      14 |       0 |   0.0
        D:9 |    2234 |    1076 |  32.5 |      34 |       6 |  15.0
       D:10 |    3018 |    1015 |  25.2 |      15 |      22 |  59.5
       D:11 |     187 |    2415 |  92.8 |       3 |      13 |  81.2
      Sewer |       0 |     163 | 100.0 |       0 |      26 | 100.0
            +---------+---------+-------+---------+---------+-------
